 Dungeon Crawl Stone Soup version 0.26-a0-660-gc07710193c (webtiles) character file.

Game seed: 8417569115798280390

827 zazu2006 the Stinger (level 7, -3/57 HPs)
             Began as a Naga Hedge Wizard on Oct 8, 2020.
             Was an Initiate of Vehumet.
             Killed from afar by a white imp (7 damage)
             ... with a puff of frost
             ... on level 6 of the Dungeon.
             The game lasted 00:13:30 (7612 turns).

zazu2006 the Stinger (Naga Hedge Wizard)            Turns: 7612, Time: 00:13:32

Health: -3/57      AC:  4    Str: 13    XL:     7   Next: 97%
Magic:  2/14       EV:  9    Int: 15    God:    Vehumet [......]
Gold:   184        SH:  0    Dex: 11    Spells: 6/15 levels left

rFire    . . .     SeeInvis +   w - +4 falchion (curse)
rCold    . . .     Faith    .   (no shield)
rNeg     . . .     Spirit   .   k - +0 leather armour
rPois    +         Reflect  .   c - +0 hat
rElec    .         Harm     .   s - +0 cloak
rCorr    .         Rampage  .   (no gloves)
MR       .....                  (no barding)
Stlth    ++........             (no amulet)
HPRegen  0.19/turn              (no ring)
MPRegen  0.14/turn              (no ring)

@: brilliant, heavily drained, very slow
A: large, see invisible, deformed body, poison resistance, slowness 2, spit
poison 1, AC +2
a: Spit Poison, Renounce Religion


You were on level 6 of the Dungeon.
You worshipped Vehumet.
Vehumet was noncommittal.
You visited 1 branch of the dungeon, and saw 6 of its levels.

You collected 184 gold pieces.

Inventory:

Hand Weapons
 m - a +0 falchion
 w - a cursed +4 falchion (weapon)
Missiles
 t - 20 poisoned darts (quivered)
Armour
 c - a +0 hat (worn)
 k - a +0 leather armour (worn)
 s - a +0 cloak (worn)
Jewellery
 o - an uncursed amulet of faith {unknown}
 v - an uncursed ring of magical power {unknown}
Wands
 q - a wand of digging (7)
Scrolls
 a - 2 scrolls of magic mapping {unknown}
 d - 4 scrolls of remove curse
 e - 8 scrolls of identify {unknown}
 f - 3 scrolls of teleportation {unknown}
 g - a scroll of fear
 j - a scroll of enchant armour {unknown}
 n - 2 scrolls of enchant weapon {unknown}
 r - a scroll of immolation {unknown}
Potions
 l - a potion of invisibility {unknown}
 p - a potion of haste {unknown}
 u - a potion of might


   Skills:
 + Level 1.0(0.0) Fighting
 + Level 1.8(0.4) Long Blades
 + Level 1.2(0.0) Throwing
 + Level 2.2(0.8) Armour
 + Level 2.2(0.8) Dodging
 + Level 3.8(2.3) Stealth
 + Level 4.9(3.4) Spellcasting
 + Level 3.0(1.5) Conjurations
   Level 1.0(0.0) Summonings
 + Level 1.3(0.0) Translocations
 + Level 0.9(0.0) Air Magic
 * Level 5.4(3.9) Poison Magic


You had 6 spell levels left.
You knew the following spells:

 Your Spells              Type           Power        Failure   Level
a - Magic Dart            Conj           ##..         13%         1
b - Mephitic Cloud        Conj/Pois/Air  ##......     34%         3
c - Conjure Flame         Conj/Fire      #.......     47%         3
d - Blink                 Tloc           N/A          36%         2

Your spell library contained the following spells:

 Spells                   Type           Power        Failure   Level
 Call Imp                 Summ           #.......     36%         2
 Slow                     Hex            #.......     36%         2


Dungeon Overview and Level Annotations

Branches:
Dungeon (6/15)             Temple (0/1) D:5

Altars:
Elyvilon
Fedhas
Hepliaklqana
Kikubaaqudgha
Sif Muna
Vehumet
Yredelemnul

Shops:
D:4 [   D:6 (

Annotations:
D:5 2 transporters, HilariousDeathArtist's ghost, weakling HODe


Innate Abilities, Weirdness & Mutations

You cannot wear boots.
Your serpentine skin is tough. (AC +2)
You have supernaturally acute eyesight. (SInv)
Armour fits poorly on your strangely shaped body.
Your system is resistant to poisons. (rPois)
You cover ground very slowly.
You can spit poison.


Message History

The white imp gestures at you. The puff of frost hits you!
* * * LOW HITPOINT WARNING * * *
Unknown command.
Okay, then.
Evoke which item? (* to show all) (? for menu, Esc to quit)
Okay, then.
Casting: Blink (dangerous; 36% risk of failure)
Confirm with . or Enter, or press ? or * to list all spells.
You blink.
It was a potion of brilliance.
You feel clever all of a sudden.
As you read the scroll labeled MOVUAX SYVISYI, it crumbles to dust.
You assume a fearsome visage.
The worker ant looks frightened!
The wight is unaffected.
The leopard gecko looks frightened!
The leopard gecko hisses angrily.
The white imp is unaffected.
It was a scroll of fear.
The white imp gestures at you. The puff of frost hits you!
You die...

##.. ......... ....
......... ....
........l
#...#.......#
#.......... ###
##.#.#z... #
...##.......####.#
..........@......#
..............####
..............#
.........)....#######
......8.............#
......<..5)..B......#
....8.∩.8...........#
...........#........#
(.....8..[##........#


You could see a worker ant (confused, fleeing), a wight, a white imp and a
leopard gecko (fleeing).

Vanquished Creatures
  3 ogres
  3 bullfrogs (D:5)
  A wight (D:5)
  A hound (D:4)
  3 orc wizards (D:4)
  3 worker ants
  5 adders
  An ooze (D:4)
  An adder skeleton (D:4)
  3 worms
  A dart slug (D:1)
  4 leopard geckos
  7 orcs
  A ball python (D:2)
  3 giant cockroaches
  6 goblins
  4 hobgoblins
  10 jackals
  11 kobolds
  2 quokkas
  A ball python skeleton (D:4)
  8 bats
  5 frilled lizards
  A jackal skeleton (D:4)
  A leopard gecko skeleton (D:4)
  A quokka zombie (D:4)
  7 rats
97 creatures vanquished.

Vanquished Creatures (others)
  20 plants
20 creatures vanquished.

Grand Total: 117 creatures vanquished

Notes
Turn   | Place    | Note
-------+----------+-------------------------------------------
     0 | D:1      | zazu2006 the Naga Hedge Wizard began the quest for the Orb.
     0 | D:1      | Reached XP level 1. HP: 15/15 MP: 4/4
   440 | D:1      | Reached XP level 2. HP: 6/22 MP: 0/6
  1268 | D:1      | HP: 1/22 [hobgoblin/+0 club (3)]
  1603 | D:2      | Found a basalt altar of Yredelemnul.
  1688 | D:2      | Reached XP level 3. HP: 28/28 MP: 2/8
  1707 | D:2      | Learned a level 3 spell: Mephitic Cloud
  1711 | D:2      | Learned a level 3 spell: Conjure Flame
  1714 | D:2      | Learned a level 2 spell: Blink
  2294 | D:3      | Found a hazy altar of Hepliaklqana.
  2481 | D:3      | Reached XP level 4. HP: 36/36 MP: 6/9
  3024 | D:3      | Reached skill level 1 in Poison Magic
  3578 | D:4      | Found Naurolu's Antique Armour Emporium.
  3672 | D:4      | Found a blossoming altar of Fedhas.
  3706 | D:4      | Noticed an ogre
  3865 | D:4      | Noticed a phantom
  3871 | D:4      | Reached XP level 5. HP: 18/42 MP: 0/11
  4337 | D:4      | Killed an ogre
  4337 | D:4      | Reached skill level 1 in Armour
  4337 | D:4      | Reached skill level 2 in Poison Magic
  4343 | D:4      | Reached skill level 1 in Long Blades
  4363 | D:4      | Reached XP level 6. HP: 21/50 MP: 8/12
  4745 | D:4      | Found a shimmering blue altar of Sif Muna.
  5011 | D:4      | Found a white marble altar of Elyvilon.
  5011 | D:4      | Found an ancient bone altar of Kikubaaqudgha.
  5077 | D:4      | Reached skill level 3 in Poison Magic
  5186 | D:4      | Reached skill level 4 in Poison Magic
  5562 | D:4      | Found a radiant altar of Vehumet.
  5585 | D:4      | Became a worshipper of Vehumet
  5829 | D:5      | Entered Level 5 of the Dungeon
  5862 | D:5      | Found a staircase to the Ecumenical Temple.
  6333 | D:5      | Found a transporter.
  6381 | D:5      | Identified the +0 kite shield of Zero {Str+4 Int+2 SInv}
  6474 | D:5      | Found a transporter.
  6497 | D:5      | Noticed HilariousDeathArtist's ghost (weakling HODe)
  6587 | D:5      | Reached XP level 7. HP: 26/56 MP: 9/14
  6939 | D:5      | Reached skill level 1 in Throwing
  7286 | D:5      | Reached skill level 5 in Poison Magic
  7552 | D:6      | Found Daunk's Antique Weapon Boutique.
  7561 | D:6      | Reached skill level 1 in Fighting
  7605 | D:6      | HP: 2/57 [white imp/puff of frost (9)]
  7612 | D:6      | Killed from afar by a white imp

Illustrated notes

Levels and vault maps discovered:
D:1:      minmay_arrival_semitransparent, layout_basic
D:2:      layout_rooms, lemuel_doored_altar
D:3:      layout_loops_cross, nicolae_overflow_crystal_walls,
          chequers_serial_rivers_small_3, kennysheep_generic_room_5
D:4:      layout_cave_pools, tgw_sif, gammafunk_temple_overflow_elements,
          kennysheep_little_box, overflow_temple_1_default, serial_shops,
          shop_statue, serial_bayou_lake_a
D:5:      layout_basic, minmay_temple_entry_waves,
          gammafunk_ghost_gnarly_gnolls, lemuel_flamethrower_2
D:6:      layout_rooms, lemuel_crystal_altar, serial_shops,
          nicolae_shop_statue_plus, chequers_arboretum, st_stairs_8,
          kennysheep_generic_room_14, uniq_pikel

Skill      XL: |  1  2  3  4  5  6  7 |
---------------+----------------------+-----
Dodging        | 2 |  2.2
Poison Magic   | 1 2 4 5 |  5.4
Spellcasting   | 4 |  4.9
Conjurations   | 2 3 |  3.0
Armour         | 1 2 |  2.2
Long Blades    | 1 |  1.8
Throwing       | 1 |  1.2
Fighting       | 1 |  1.0
Stealth        | |  3.8
Summonings     | |  1.0
Translocations | |  1.3
Air Magic      | |  0.9

Action                   |  1- 3 |  4- 6 |  7- 9 || total
-------------------------+-------+-------+-------++-------
Melee: Dagger            |    20 |       |       ||    20
       Falchion          |       |    75 |    50 ||   125
Throw: Dart              |       |    23 |     4 ||    27
 Cast: Magic Dart        |    72 |   115 |    25 ||   212
       Mephitic Cloud    |       |     9 |     5 ||    14
       Blink             |       |     9 |     8 ||    17
 Abil: Spit Poison       |    15 |    21 |     5 ||    41
  Use: Scroll            |     1 |       |     1 ||     2
       Potion            |       |       |     5 ||     5
 Stab: Sleeping          |       |     3 |       ||     3
       Confused          |       |       |     1 ||     1
Armor: Robe              |     5 |       |       ||     5
       Leather armour    |    11 |    24 |    22 ||    57
Dodge: Dodged            |    22 |    74 |    47 ||   143
       Rpst.: Falchion   |     1 |    26 |    14 ||    41

Table legend: (Time is in decaauts)
 A = Elapsed time spent in this place.
 B = Non-inter-level travel time spent in this place.
 C = Inter-level travel time spent in this place.
 D = Time resting spent in this place.
 E = Time spent auto-exploring this place.
 F = Levels seen in this place.
 G = Mean time per level.
                   A        B        C        D        E       F      G
               +--------+--------+--------+--------+--------+-----+--------+
         Total |   8960 |   8540 |    420 |   2048 |   5171 |   6 | 1493.3 |
       Dungeon |   8960 |   8540 |    420 |   2048 |   5171 |   6 | 1493.3 |
               +--------+--------+--------+--------+--------+-----+--------+

Top non-repeatable levels by time:
     D:4: 2089 daAuts
     D:5: 1947 daAuts
     D:1: 1875 daAuts
     D:3: 1843 daAuts
     D:2: 1106 daAuts
     D:6: 97 daAuts
